General information
- name: BNet
- type: Ladder team game (AT/RT)
- host: Battle.net
- saver: eCe.
map: MarketSquare
- players: 8
- length: 70:03
- speed: Fast
- version: 1.26 W3XP
- replay type: Public
» download(390 KB)
Players
team 1 (loser)
W.alter_White. (
green | 51 APM | 738 actions | 14:30)
2 Tauren Chieftain
1 War Stomp
1 Endurance Aura
» actions
| Basic commands | 1 | |
| Build / train | 45 | |
| Enter build submenu | 21 | |
| Enter hero's abilities submenu | 2 | |
| Right click | 490 | |
| Select / deselect | 148 | |
| Use ability | 31 | |
738 total
» units
| Peon | 21 | |
| Troll Headhunter/Berserker | 16 | |
37 total
» upgrades
| Pillage | 1 | |
| Ranged Weapons | 1 | |
| Armor | 1 | |
| Spiked Barricades | 1 | |
4 total
» buildings
| War Mill | 1 | |
| Altar of Storms | 2 | |
| Orc Burrow | 5 | |
| Barracks | 2 | |
| Watch Tower | 7 | |
| Great Hall | 1 | |
| Voodoo Lounge | 1 | |
| Stronghold | 1 | |
| Beastiary | 2 | |
22 total
» build order
00:45 War Mill
00:49 Altar of Storms
00:54 Orc Burrow
02:04 Barracks
02:52 Orc Burrow
03:38 Barracks
03:52 Watch Tower
03:56 Watch Tower
04:06 Watch Tower
05:12 Watch Tower
05:18 Watch Tower
05:43 Orc Burrow
06:26 Great Hall
08:06 Orc Burrow
08:16 Orc Burrow
09:31 Watch Tower
09:55 Voodoo Lounge
11:06 Stronghold
11:40 Watch Tower
13:59 Beastiary
14:03 Beastiary
14:08 Altar of Storms
FranksRedHot (
red | 51 APM | 3563 actions | 70:02)
10 Blademaster
3 Wind Walk
3 Critical Strike
1 Bladestorm
3 Mirror Image
» actions
| Assign group hotkey | 35 | |
| Basic commands | 26 | |
| Build / train | 80 | |
| Enter build submenu | 51 | |
| Enter hero's abilities submenu | 10 | |
| Give item / drop item | 4 | |
| Remove unit from queue | 4 | |
| Right click | 1988 | |
| Select / deselect | 405 | |
| Select group hotkey | 634 | |
| Use ability | 326 | |
3563 total
» units
| Peon | 19 | |
| Grunt | 4 | |
| Troll Batrider | 10 | |
| Wind Rider | 3 | |
| Raider | 4 | |
40 total
» upgrades
| Ranged Weapons | 3 | |
| Armor | 3 | |
| Reinforced Defenses | 1 | |
| Troll Regeneration | 1 | |
| Liquid Fire | 1 | |
| Spiked Barricades | 2 | |
| Envenomed Spears | 1 | |
| Ensnare | 1 | |
| Pillage | 1 | |
| Melee Weapons | 3 | |
17 total
» buildings
| Orc Burrow | 6 | |
| Altar of Storms | 1 | |
| Barracks | 1 | |
| Voodoo Lounge | 1 | |
| War Mill | 1 | |
| Stronghold | 1 | |
| Great Hall | 5 | |
| Watch Tower | 38 | |
| Fortress | 1 | |
| Beastiary | 3 | |
58 total
» build order
00:13 Orc Burrow
01:06 Orc Burrow
01:10 Altar of Storms
01:11 Barracks
02:14 Voodoo Lounge
02:53 War Mill
03:54 Stronghold
04:17 Orc Burrow
04:55 Great Hall
06:58 Watch Tower
06:59 Watch Tower
07:00 Watch Tower
07:01 Watch Tower
07:58 Orc Burrow
08:05 Great Hall
08:09 Watch Tower
08:09 Watch Tower
08:10 Watch Tower
08:10 Watch Tower
08:16 Watch Tower
08:17 Watch Tower
08:44 Watch Tower
10:33 Watch Tower
10:33 Watch Tower
10:38 Watch Tower
10:50 Watch Tower
11:59 Watch Tower
12:00 Watch Tower
12:02 Watch Tower
12:05 Watch Tower
13:03 Fortress
13:53 Watch Tower
13:54 Watch Tower
14:06 Watch Tower
15:34 Beastiary
15:35 Beastiary
15:37 Beastiary
24:23 Orc Burrow
24:24 Orc Burrow
29:56 Great Hall
30:59 Watch Tower
30:59 Watch Tower
31:00 Watch Tower
31:00 Watch Tower
31:01 Watch Tower
31:01 Watch Tower
31:02 Watch Tower
31:02 Watch Tower
31:08 Great Hall
31:09 Watch Tower
31:10 Watch Tower
31:10 Watch Tower
31:10 Watch Tower
31:11 Watch Tower
31:11 Watch Tower
31:12 Watch Tower
31:13 Watch Tower
57:39 Great Hall
» items
| Healing Salve | 1 | |
| Boots of Speed | 3 | |
| Periapt of Vitality | 1 | |
| Scroll of Town Portal | 1 | |
6 total
RambuRu (
yellow | 65 APM | 3027 actions | 46:19)
10 Tauren Chieftain
3 Endurance Aura
3 Shockwave
2 War Stomp
2 Reincarnation
» actions
| Assign group hotkey | 21 | |
| Basic commands | 3 | |
| Build / train | 92 | |
| ESC pressed | 2 | |
| Enter build submenu | 33 | |
| Enter hero's abilities submenu | 12 | |
| Remove unit from queue | 4 | |
| Right click | 1405 | |
| Select / deselect | 603 | |
| Select group hotkey | 564 | |
| Use ability | 288 | |
3027 total
» units
| Peon | 11 | |
| Shaman | 11 | |
| Troll Witch Doctor | 6 | |
| Troll Batrider | 9 | |
| Troll Headhunter/Berserker | 11 | |
| Wind Rider | 5 | |
53 total
» upgrades
| Spiked Barricades | 1 | |
| Armor | 0 | |
| Shaman Training | 2 | |
| Witch Doctor Training | 2 | |
| Melee Weapons | 1 | |
| Ranged Weapons | 1 | |
| Envenomed Spears | 1 | |
| Liquid Fire | 1 | |
9 total
» buildings
| Altar of Storms | 1 | |
| Orc Burrow | 7 | |
| Voodoo Lounge | 1 | |
| War Mill | 1 | |
| Stronghold | 1 | |
| Watch Tower | 11 | |
| Fortress | 3 | |
| Spirit Lodge | 3 | |
| Beastiary | 2 | |
| Great Hall | 4 | |
34 total
» build order
00:13 Altar of Storms
00:18 Orc Burrow
01:19 Voodoo Lounge
01:38 War Mill
02:56 Stronghold
03:03 Orc Burrow
03:18 Watch Tower
04:21 Watch Tower
05:17 Fortress
05:18 Fortress
05:18 Fortress
06:08 Spirit Lodge
06:25 Spirit Lodge
06:29 Orc Burrow
08:06 Orc Burrow
10:29 Spirit Lodge
10:34 Watch Tower
10:38 Watch Tower
10:39 Watch Tower
10:40 Watch Tower
10:40 Watch Tower
10:43 Watch Tower
10:44 Watch Tower
10:46 Watch Tower
10:47 Watch Tower
12:19 Orc Burrow
14:17 Beastiary
14:20 Beastiary
17:08 Great Hall
24:13 Great Hall
26:33 Orc Burrow
27:13 Orc Burrow
38:24 Great Hall
43:08 Great Hall
» items
| Scroll of Speed | 3 | |
| Lesser Clarity Potion | 2 | |
| Orb of Lightning | 1 | |
6 total

»
Major-Johnson (
pink | 30 APM | 790 actions | 25:55)
5 Far Seer
2 Feral Spirit
3 Chain Lighting
4 Tauren Chieftain
2 Shockwave
2 Endurance Aura
» actions
| Assign group hotkey | 15 | |
| Basic commands | 21 | |
| Build / train | 51 | |
| Enter build submenu | 18 | |
| Enter hero's abilities submenu | 9 | |
| Right click | 314 | |
| Select / deselect | 244 | |
| Select group hotkey | 61 | |
| Use ability | 57 | |
790 total
» units
| Peon | 10 | |
| Grunt | 7 | |
| Assassin | 1 | |
| Rogue | 1 | |
| Tauren | 6 | |
| Troll Batrider | 4 | |
29 total
» upgrades
| Melee Weapons | 3 | |
| Armor | 3 | |
| Reinforced Defenses | 1 | |
| Pulverize | 1 | |
8 total
» buildings
| Orc Burrow | 9 | |
| Altar of Storms | 1 | |
| Barracks | 1 | |
| Voodoo Lounge | 1 | |
| Stronghold | 1 | |
| War Mill | 1 | |
| Fortress | 1 | |
| Tauren Totem | 2 | |
| Beastiary | 1 | |
| Great Hall | 1 | |
19 total
» build order
00:13 Orc Burrow
00:23 Altar of Storms
00:46 Barracks
01:51 Orc Burrow
02:56 Voodoo Lounge
03:29 Stronghold
03:38 Orc Burrow
03:43 War Mill
04:39 Orc Burrow
05:46 Orc Burrow
10:27 Fortress
10:37 Orc Burrow
13:07 Tauren Totem
13:09 Tauren Totem
13:40 Beastiary
23:26 Great Hall
24:04 Orc Burrow
24:06 Orc Burrow
24:08 Orc Burrow
» items
team 2 (winner)

»
chuchoelroto (
purple | 36 APM | 2525 actions | 70:02)
6 Mountain King
3 Storm Bolt
2 Bash
1 Avatar
4 Paladin
2 Holy Light
2 Divine Shield
» actions
| Assign group hotkey | 89 | |
| Basic commands | 141 | |
| Build / train | 152 | |
| Enter build submenu | 63 | |
| Enter hero's abilities submenu | 10 | |
| Remove unit from queue | 3 | |
| Right click | 620 | |
| Select / deselect | 863 | |
| Select group hotkey | 417 | |
| Use ability | 163 | |
2525 total
» units
| Peasant | 37 | |
| Footman | 17 | |
| Knight | 15 | |
| Priest | 9 | |
| Spell Breaker | 5 | |
| Siege Engine | 6 | |
89 total
» upgrades
| Masonry | 2 | |
| Swords | 3 | |
| Plating | 3 | |
| Defend | 1 | |
| Lumber Harvesting | 1 | |
| Animal War Training | 1 | |
| Magic Sentry | 1 | |
| Priest Training | 2 | |
| Barrage | 1 | |
| Gunpowder | 1 | |
16 total
» buildings
| Farm | 18 | |
| Altar of Kings | 1 | |
| Barracks | 3 | |
| Arcane Vault | 2 | |
| Lumber Mill | 1 | |
| Scout Tower | 24 | |
| Guard Tower | 21 | |
| Town Hall | 4 | |
| Blacksmith | 1 | |
| Keep | 1 | |
| Castle | 1 | |
| Arcane Sanctum | 2 | |
| Workshop | 3 | |
82 total
» build order
00:09 Farm
00:17 Altar of Kings
00:33 Barracks
00:57 Farm
01:32 Farm
01:51 Arcane Vault
02:34 Lumber Mill
03:02 Farm
05:50 Scout Tower
05:58 Scout Tower
06:03 Guard Tower
06:07 Town Hall
06:10 Guard Tower
08:07 Scout Tower
08:29 Guard Tower
09:02 Scout Tower
09:33 Guard Tower
09:57 Barracks
10:24 Barracks
11:12 Farm
13:30 Scout Tower
14:15 Guard Tower
14:16 Scout Tower
14:46 Blacksmith
14:49 Guard Tower
14:56 Town Hall
15:37 Keep
16:16 Farm
16:56 Farm
18:00 Scout Tower
18:02 Scout Tower
18:06 Scout Tower
19:08 Castle
19:17 Guard Tower
20:08 Scout Tower
20:09 Scout Tower
21:28 Guard Tower
22:45 Farm
23:08 Farm
23:11 Farm
24:04 Farm
25:09 Arcane Sanctum
25:16 Scout Tower
25:41 Guard Tower
25:53 Farm
26:33 Farm
26:38 Farm
32:40 Scout Tower
32:46 Scout Tower
33:17 Guard Tower
33:19 Scout Tower
33:52 Guard Tower
34:00 Guard Tower
34:03 Scout Tower
34:41 Scout Tower
34:42 Guard Tower
35:44 Guard Tower
35:58 Scout Tower
36:01 Scout Tower
36:08 Arcane Vault
36:26 Scout Tower
36:33 Guard Tower
36:51 Guard Tower
37:03 Guard Tower
37:32 Arcane Sanctum
39:08 Farm
48:30 Town Hall
48:35 Scout Tower
48:38 Scout Tower
48:43 Scout Tower
48:46 Scout Tower
49:06 Guard Tower
49:07 Guard Tower
49:23 Guard Tower
49:24 Guard Tower
49:37 Workshop
49:41 Workshop
49:47 Workshop
61:54 Town Hall
67:27 Farm
67:34 Farm
67:41 Farm
» items
| Scroll of Regeneration | 2 | |
| Scroll of Town Portal | 2 | |
| Orb of Fire | 2 | |
| Potion of Healing | 2 | |
| Circlet of Nobility | 1 | |
9 total

»
3Lz (
orange | 89 APM | 3004 actions | 33:40)
2 Death Knight
1 Death Coil
1 Unholy Aura
» actions
| Assign group hotkey | 29 | |
| Basic commands | 150 | |
| Build / train | 92 | |
| Enter build submenu | 28 | |
| Enter hero's abilities submenu | 2 | |
| Remove unit from queue | 13 | |
| Right click | 1687 | |
| Select / deselect | 522 | |
| Select group hotkey | 301 | |
| Use ability | 180 | |
3004 total
» units
| Acolyte | 19 | |
| Ghoul | 10 | |
| Crypt Fiend | 9 | |
38 total
» upgrades
| Creature Attack | 2 | |
| Creature Carapace | 1 | |
| Burrow | 1 | |
4 total
» buildings
| Graveyard | 1 | |
| Crypt | 2 | |
| Altar of Darkness | 1 | |
| Ziggurat | 14 | |
| Tomb of Relics | 1 | |
| Necropolis | 1 | |
| Spirit Tower | 8 | |
| Halls of the Dead | 1 | |
| Sacrificial Pit | 1 | |
| Black Citadel | 2 | |
32 total
» build order
00:28 Graveyard
00:30 Crypt
00:47 Altar of Darkness
01:06 Ziggurat
01:39 Tomb of Relics
02:10 Ziggurat
07:12 Necropolis
07:15 Crypt
09:54 Spirit Tower
09:54 Spirit Tower
09:55 Spirit Tower
09:55 Spirit Tower
10:08 Ziggurat
11:48 Ziggurat
12:03 Ziggurat
12:04 Ziggurat
12:06 Ziggurat
12:08 Ziggurat
12:28 Spirit Tower
12:34 Ziggurat
13:07 Halls of the Dead
18:07 Ziggurat
18:08 Ziggurat
25:07 Sacrificial Pit
25:09 Black Citadel
26:30 Ziggurat
26:39 Ziggurat
26:42 Ziggurat
27:28 Spirit Tower
27:43 Spirit Tower
» items
| Rod of Necromancy | 5 | |
| Scroll of Regeneration | 1 | |
| Dust of Appearance | 3 | |
| Potion of Mana | 3 | |
| Potion of Healing | 4 | |
| Scroll of Town Portal | 1 | |
| Orb of Corruption | 1 | |
18 total
eCe. (
teal | 86 APM | 6008 actions | 70:03)
9 Blood Mage
3 Banish
3 Flame Strike
1 Summon Phoenix
2 Siphon Mana
» actions
| Assign group hotkey | 182 | |
| Basic commands | 471 | |
| Build / train | 276 | |
| ESC pressed | 15 | |
| Enter build submenu | 66 | |
| Enter hero's abilities submenu | 9 | |
| Give item / drop item | 30 | |
| Right click | 1937 | |
| Select / deselect | 648 | |
| Select group hotkey | 1780 | |
| Use ability | 592 | |
6008 total
» units
| Peasant | 33 | |
| Footman | 8 | |
| Sorceress | 2 | |
| Mortar Team | 5 | |
| Gryphon Rider | 8 | |
| Dragonhawk Rider | 1 | |
| Siege Engine | 1 | |
| Spell Breaker | 1 | |
| Knight | 1 | |
60 total
» upgrades
| Masonry | 3 | |
| Gunpowder | 3 | |
| Sorceress Training | 2 | |
| Lumber Harvesting | 2 | |
| Armor | 3 | |
| Magic Sentry | 1 | |
| Animal War Training | 1 | |
| Swords | 3 | |
| Storm Hammers | 2 | |
| Cloud | 1 | |
| Plating | 3 | |
| Barrage | 1 | |
| Flak Cannons | 1 | |
| Flying Machine Bombs | 1 | |
| Priest Training | 2 | |
| Control Magic | 1 | |
| Fragmentation Shards | 1 | |
| Flare | 1 | |
| Backpack | 1 | |
| Defend | 1 | |
| Long Rifles | 1 | |
35 total
» buildings
| Altar of Kings | 1 | |
| Barracks | 1 | |
| Farm | 8 | |
| Arcane Vault | 1 | |
| Scout Tower | 54 | |
| Lumber Mill | 1 | |
| Arcane Tower | 6 | |
| Town Hall | 5 | |
| Guard Tower | 67 | |
| Keep | 4 | |
| Blacksmith | 1 | |
| Workshop | 2 | |
| Arcane Sanctum | 1 | |
| Castle | 3 | |
| Gryphon Aviary | 4 | |
159 total
» build order
00:55 Altar of Kings
00:57 Barracks
00:59 Farm
01:20 Farm
01:37 Farm
02:05 Arcane Vault
02:19 Farm
02:38 Scout Tower
02:40 Lumber Mill
03:06 Arcane Tower
03:06 Arcane Tower
04:10 Town Hall
04:19 Scout Tower
04:21 Scout Tower
04:52 Guard Tower
04:52 Guard Tower
06:23 Keep
06:23 Keep
06:24 Keep
06:30 Scout Tower
06:31 Scout Tower
06:32 Scout Tower
06:50 Blacksmith
07:34 Guard Tower
07:34 Guard Tower
08:22 Scout Tower
08:46 Scout Tower
08:46 Scout Tower
09:13 Workshop
09:14 Arcane Sanctum
09:23 Guard Tower
10:26 Town Hall
10:29 Scout Tower
10:31 Scout Tower
10:31 Scout Tower
10:33 Scout Tower
10:34 Scout Tower
10:35 Scout Tower
10:36 Scout Tower
10:39 Scout Tower
10:49 Workshop
11:05 Guard Tower
11:05 Guard Tower
11:05 Guard Tower
11:44 Guard Tower
12:05 Guard Tower
12:05 Guard Tower
14:18 Castle
14:18 Castle
15:58 Gryphon Aviary
15:59 Gryphon Aviary
16:03 Gryphon Aviary
16:03 Gryphon Aviary
16:12 Scout Tower
16:13 Scout Tower
16:46 Guard Tower
16:47 Guard Tower
17:03 Scout Tower
17:04 Scout Tower
17:07 Scout Tower
17:11 Scout Tower
17:14 Scout Tower
17:20 Scout Tower
17:22 Scout Tower
17:27 Scout Tower
17:29 Scout Tower
17:37 Guard Tower
17:37 Guard Tower
17:41 Guard Tower
17:41 Guard Tower
17:41 Guard Tower
18:09 Guard Tower
18:09 Guard Tower
18:56 Scout Tower
19:00 Farm
19:01 Farm
19:02 Farm
19:17 Guard Tower
19:17 Guard Tower
19:31 Guard Tower
19:53 Guard Tower
19:53 Guard Tower
19:54 Guard Tower
20:11 Guard Tower
21:35 Farm
24:23 Town Hall
24:31 Scout Tower
24:32 Scout Tower
24:33 Scout Tower
24:34 Scout Tower
24:35 Scout Tower
24:36 Scout Tower
24:37 Scout Tower
24:38 Scout Tower
25:08 Guard Tower
25:08 Guard Tower
25:09 Guard Tower
25:09 Guard Tower
25:10 Guard Tower
25:10 Guard Tower
30:04 Guard Tower
31:58 Town Hall
34:37 Scout Tower
34:38 Scout Tower
34:40 Scout Tower
34:41 Scout Tower
34:50 Scout Tower
34:51 Scout Tower
34:55 Scout Tower
34:57 Scout Tower
34:59 Scout Tower
35:00 Scout Tower
35:01 Scout Tower
35:14 Guard Tower
35:14 Guard Tower
35:26 Guard Tower
35:36 Guard Tower
35:37 Guard Tower
35:37 Guard Tower
35:45 Guard Tower
35:45 Guard Tower
35:53 Guard Tower
35:53 Guard Tower
35:54 Guard Tower
35:55 Guard Tower
42:04 Town Hall
43:15 Scout Tower
43:16 Scout Tower
43:17 Scout Tower
43:18 Scout Tower
43:24 Scout Tower
43:25 Scout Tower
58:12 Guard Tower
58:12 Guard Tower
65:01 Arcane Tower
65:01 Arcane Tower
» items
| Scroll of Regeneration | 16 | |
| Scroll of Town Portal | 14 | |
| Potion of Invisibility | 1 | |
| Staff of Teleportation | 1 | |
| Boots of Speed | 1 | |
| Lesser Clarity Potion | 7 | |
| Potion of Healing | 4 | |
| Potion of Mana | 3 | |
| Potion of Lesser Invulnerability | 1 | |
| Staff of Sanctuary | 1 | |
| Orb of Fire | 1 | |
| Ivory Tower | 3 | |
| Mechanical Critter | 2 | |
55 total

»
greenmamba1 (
blue | 48 APM | 3374 actions | 70:02)
7 Demon Hunter
3 Mana Burn
3 Evasion
1 Metamorphosis
5 Keeper of the Grove
2 Entangling Roots
3 Thorns Aura
5 Priestess of the Moon
3 Trueshot Aura
2 Searing Arrows
» actions
| Assign group hotkey | 48 | |
| Basic commands | 3 | |
| Build / train | 72 | |
| ESC pressed | 3 | |
| Enter build submenu | 30 | |
| Enter hero's abilities submenu | 17 | |
| Give item / drop item | 5 | |
| Remove unit from queue | 1 | |
| Right click | 1607 | |
| Select / deselect | 999 | |
| Select group hotkey | 418 | |
| Use ability | 166 | |
3374 total
» units
» upgrades
| Strength of the Wild | 3 | |
| Well Spring | 1 | |
| Corrosive Breath | 1 | |
| Reinforced Hides | 3 | |
| Ultravision | 1 | |
| Nature's Blessing | 1 | |
10 total
» buildings
| Moon Well | 13 | |
| Altar of Elders | 4 | |
| Hunter's Hall | 1 | |
| Tree of Ages | 2 | |
| Ancient of Wonders | 1 | |
| Tree of Eternity | 2 | |
| Ancient of Wind | 3 | |
| Chimaera Roost | 2 | |
| Tree of Life | 3 | |
31 total
» build order
00:14 Moon Well
01:19 Altar of Elders
01:57 Hunter's Hall
02:25 Tree of Ages
02:28 Moon Well
02:33 Moon Well
02:37 Ancient of Wonders
03:47 Moon Well
04:02 Moon Well
04:47 Tree of Eternity
04:49 Ancient of Wind
04:51 Ancient of Wind
07:12 Chimaera Roost
07:17 Chimaera Roost
11:23 Moon Well
11:58 Ancient of Wind
12:02 Moon Well
17:17 Moon Well
27:00 Tree of Life
28:52 Altar of Elders
29:19 Tree of Life
31:36 Moon Well
33:52 Tree of Ages
35:20 Moon Well
35:20 Moon Well
48:30 Tree of Eternity
51:13 Tree of Life
51:21 Altar of Elders
51:26 Moon Well
52:20 Moon Well
52:46 Altar of Elders
» items
| Boots of Speed | 1 | |
| Orb of Venom | 1 | |
| Anti-magic Potion | 4 | |
| Dust of Appearance | 2 | |
| Scroll of Town Portal | 3 | |
| Staff of Teleportation | 1 | |
12 total
Chat log
(00:05 / All) FranksRedHot: say my name
(00:18 / All) 3Lz: OOH FRANKS REDHOT
(00:23 / All) FranksRedHot: You're goddamn right
(00:53 / Allies) 3Lz: ready to get fucked
(00:57 / Allies) 3Lz: ?!
(01:03 / Allies) greenmamba1: i m cuz i am going to tect..
(01:04 / Allies) eCe.: Who are you?
(01:11 / Allies) 3Lz: nice
(01:27 / Allies) eCe.: You couldn't kill me if you wanted to, orange
(01:41 / Allies) 3Lz: ?
(01:56 / Allies) 3Lz: hmm
(02:27 / Allies) eCe.: I'm hu this time and in comfortable shoes
(02:31 / Allies) eCe.: You have 0 chance to tk me
(02:54 / Allies) chuchoelroto: ok u guys gona fuck this up by tk?
(02:59 / Allies) eCe.: He seems to be threatening me
(03:01 / Allies) eCe.: if he does stay
(03:04 / Allies) eCe.: I can kill him and expo at him
(03:12 / Allies) 3Lz: wtf are yall taklin about
(03:21 / Allies) eCe.: You threatened me
(03:28 / Allies) 3Lz: when did i do this
(03:39 / Allies) chuchoelroto: im tired of tks
(03:40 / Allies) eCe.: Watch yourself, orange
(03:45 / Allies) 3Lz: shut your mouth
(04:05 / Allies) eCe.: Watch yours or I'll shut it forever
(04:15 / Allies) 3Lz: ea t adick btich
(04:24 / Allies) eCe.: You'll eat mine
(04:28 / Allies) 3Lz: mm
(04:28 / Allies) chuchoelroto: no orange
(04:30 / Allies) greenmamba1: ok cut it out let s win this
(04:40 / Allies) 3Lz: wtf
(04:50 / Allies) chuchoelroto: tk orange nooow
(04:53 / Allies) 3Lz: wtf?
(04:55 / Allies) 3Lz: you stole this
(05:00 / Allies) chuchoelroto: mi mine
(05:02 / Allies) eCe.: Told you he's fishy
(05:04 / Allies) 3Lz: says who
(05:10 / Allies) 3Lz: letsd go
(05:11 / Allies) 3Lz: ill help
(05:22 / Allies) chuchoelroto: fuck u orange
(05:25 / Allies) 3Lz: ..
(05:25 / Allies) greenmamba1: ....
(05:25 / Allies) 3Lz: lol
(05:28 / Allies) chuchoelroto: teal help me
(05:30 / Allies) greenmamba1: holy shit
(05:31 / Allies) eCe.: I will
(05:35 / Allies) eCe.: LOL
(05:37 / Allies) eCe.: Get raped orange
(05:41 / Allies) eCe.: 2 players tking
(05:43 / Allies) eCe.: I like you purple
(06:51 / All) FranksRedHot: nice mh blue
(07:05 / Allies) chuchoelroto: goggogogo
(07:15 / Allies) chuchoelroto: if i lose u lose orange
(07:32 / Allies) 3Lz: who the fuck goes banish
(07:32 / Allies) 3Lz: lmao
(07:40 / Allies) eCe.: I misclicked
(07:43 / Allies) eCe.: new hotkeys
(07:53 / Allies) eCe.: EZ
(07:57 / Allies) eCe.: Out with you now orange
(09:22 / Allies) 3Lz: so bad
(09:27 / Allies) eCe.: I beat you
(09:32 / Allies) 3Lz: your bad too
(09:36 / Allies) chuchoelroto: muahahahah
(14:39 / All) FranksRedHot: he threatened me for dissing him yet wants my help lawl
(15:08 / All) 3Lz: sto ppls
(15:10 / All) FranksRedHot: Come and meet your maker orange
(15:18 / All) eCe.: Beg for it enough and maybe we will let you live
(15:25 / All) eCe.: You are being killed by 1 bm and allies
(15:32 / All) eCe.: so bad
(15:38 / All) 3Lz: bm with mask of death trash bo
(15:41 / Allies) chuchoelroto: there u have it orange
(15:45 / Allies) chuchoelroto: next time be nice
(15:46 / Allies) eCe.: Good work purple
(15:48 / Allies) eCe.: You are a good man
(15:51 / Allies) 3Lz: guy is useles
(16:00 / All) FranksRedHot: champin everyday
(17:14 / Allies) greenmamba1: somebody gold me?
(17:28 / Allies) greenmamba1: thx
(17:31 / Allies) eCe.: np
(17:56 / All) FranksRedHot: I shall return
(18:01 / All) 3Lz: cya soon
(18:10 / Allies) eCe.: ty blue
(20:20 / All) 3Lz: stop pls
(20:33 / All) FranksRedHot: Your very existence is profane
(20:42 / All) eCe.: Orange is just such a fucking pussy
(20:45 / All) eCe.: Begs for it to stop
(20:49 / Allies) chuchoelroto: kill red
(21:02 / All) eCe.: oh shit forgot about wards
(21:12 / All) eCe.: I didn't think I even sent it there
(21:15 / All) eCe.: I need to pay more attention
(21:22 / Allies) chuchoelroto: ya man
(21:30 / All) FranksRedHot: You will not escape me
(22:01 / All) FranksRedHot: I see you
(22:12 / Allies) chuchoelroto: so orange
(22:17 / Allies) 3Lz: talk to me baby
(22:18 / Allies) chuchoelroto: u like it in the ass i see
(22:22 / Allies) 3Lz: invis grpyhisn
(22:27 / Allies) 3Lz: that is the worst strat ever
(22:35 / Allies) 3Lz: 1/2 gryhp
(22:36 / Allies) 3Lz: rofl
(22:37 / Allies) 3Lz: so bad
(22:39 / Allies) eCe.: I don't think you can judge strats well when yours this game was to get raped and die
(22:56 / Allies) eCe.: Now all you can do is type in anger and entertain me
(23:14 / All) FranksRedHot: You shall meet retribution
(24:13 / Allies) eCe.: btw orange
(24:16 / Allies) eCe.: Banish increases magic damage
(24:18 / Allies) 3Lz: talk to me babe
(24:19 / Allies) eCe.: i didn't know if you knew that
(24:37 / Allies) 3Lz: archmage is 10x better
(24:38 / Allies) chuchoelroto: they suck
(24:39 / Allies) 3Lz: or a mk with stun
(24:43 / Allies) 3Lz: with that approach
(24:48 / Allies) eCe.: bm killed every green peasant by itself
(24:50 / Allies) eCe.: am can't do that
(24:58 / All) FranksRedHot: he has mh
(24:58 / Allies) 3Lz: sure can
(25:06 / Allies) eCe.: if they're as bad as you arer
(27:46 / Allies) eCe.: Want help finishing orange, purple?
(27:52 / Allies) 3Lz: he needs it
(27:54 / Allies) 3Lz: been trying all night
(28:13 / Allies) eCe.: Look at that smooth flamestrike
(28:17 / Allies) eCe.: AM can't do that as instantly
(28:21 / Allies) 3Lz: bad
(28:24 / Allies) 3Lz: terrible hero
(28:29 / Allies) eCe.: Good enough to beat you and 99% of battle.net
(28:34 / Allies) 3Lz: sorry
(29:33 / Allies) greenmamba1: somebody gold me?
(29:40 / Allies) greenmamba1: thx
(30:23 / Allies) chuchoelroto: sup fellas
(30:28 / Allies) chuchoelroto: still here?
(30:34 / Allies) eCe.: yeah
(30:38 / Allies) eCe.: I took care of orange's hall
(30:40 / Allies) eCe.: and mine
(31:09 / Allies) chuchoelroto: nice
(31:14 / Allies) chuchoelroto: show him to be nice
(31:19 / Allies) chuchoelroto: next time
(31:24 / Allies) eCe.: Red has been raping him too
(31:28 / Allies) eCe.: he always begs for it to stop
(31:49 / Allies) chuchoelroto: we gotta admit they sucked
(31:59 / Allies) chuchoelroto: if we didnt get into this stupid figth
(32:05 / Allies) chuchoelroto: we couldhv won
(32:16 / Allies) eCe.: We still are ahead
(32:18 / Allies) greenmamba1: i know
(33:54 / All) eCe.: Ahhhhh
(33:55 / All) eCe.: Finally
(33:56 / All) eCe.: He left
(34:14 / Allies) greenmamba1: slow him
(34:38 / Allies) greenmamba1: wtf?
(35:15 / All) FranksRedHot: Jesus Christ
(35:20 / All) FranksRedHot: double click towers, press stop repeatedly
(35:28 / All) eCe.: I know how it's done
(35:31 / All) eCe.: I just thought you had it
(35:45 / All) FranksRedHot: You had autocast slow, he had root and your towers were attacking me the whole time
(36:01 / All) eCe.: I mainly didn't want to give it away yet
(36:40 / Allies) chuchoelroto: wood plz
(36:48 / Allies) chuchoelroto: and golds
(37:06 / Allies) chuchoelroto: gold me teal plz
(37:58 / All) FranksRedHot: I'm going to get 100 food and rape your faggot ass
(38:07 / All) FranksRedHot: Hiding i ntowers you fucking pussy
(38:16 / Allies) chuchoelroto: meet
(38:17 / All) greenmamba1: we wouldve won like 30 mins agoo if we didnt have that shit
(38:27 / All) eCe.: I hope you won't have to roll my base in the process
(38:28 / All) FranksRedHot: Sure
(39:39 / Allies) chuchoelroto: back teal
(41:36 / All) RambuRu: bastard ally
(41:41 / All) FranksRedHot: Now you can't hide in teal's skirts
(41:45 / All) RambuRu: 19k of golg
(41:47 / All) RambuRu: gold
(41:52 / All) eCe.: I have 23k
(42:12 / All) RambuRu: MF
(43:25 / Allies) chuchoelroto: gold teal plz
(45:02 / All) eCe.: mass ping
(45:04 / All) eCe.: lol
(45:30 / All) FranksRedHot: Alright blue
(46:15 / Allies) chuchoelroto: so now u bs teal?
(46:40 / Allies) eCe.: No
(46:42 / Allies) eCe.: Misclick
(46:43 / Allies) eCe.: sorry
(46:48 / Allies) chuchoelroto: u killed me
(46:49 / Allies) eCe.: It won't happen again
(46:52 / Allies) eCe.: sorry man
(46:53 / Allies) eCe.: I misclicked
(46:54 / Allies) chuchoelroto: gold me
(46:56 / Allies) eCe.: i hit the wrong button
(47:34 / All) FranksRedHot: Dead mfer
(48:17 / Allies) chuchoelroto: so teal
(48:21 / Allies) eCe.: Yes?
(48:24 / Allies) chuchoelroto: why u not massing units and attacking?
(48:29 / Allies) eCe.: I'm polite
(48:33 / Allies) eCe.: and don't want to hurt their feelings
(48:36 / Allies) eCe.: they worked as hard as I did
(48:40 / All) greenmamba1: u guys dont think this is really a wasting of time?
(48:40 / Allies) eCe.: I'd hate to make them lose
(48:44 / Allies) eCe.: I just don't have the heart man
(48:53 / Allies) chuchoelroto: i see
(49:02 / All) eCe.: 296 crit
(49:06 / All) FranksRedHot: I think you're dead
(49:10 / All) FranksRedHot: and that's good enough for me
(49:23 / All) greenmamba1: i d beat u if we didnt get into that shit
(49:36 / All) FranksRedHot: Yeah chimbot faggot
(49:39 / All) FranksRedHot: You ran everytime LOL
(50:53 / Allies) chuchoelroto: gold plz
(51:58 / All) eCe.: no extra magic damage on banished units?
(52:00 / All) eCe.: wtf
(52:26 / Allies) chuchoelroto: u miss click again teal?
(52:33 / Allies) eCe.: I saved a few of your knights
(52:38 / Allies) eCe.: since it made them immune to the bladestorm
(52:48 / Allies) eCe.: so i help a few of your knights get away
(52:58 / Allies) chuchoelroto: nah
(52:59 / Allies) chuchoelroto: i dont
(53:01 / Allies) chuchoelroto: believe u
(53:04 / Allies) chuchoelroto: i think
(53:09 / Allies) chuchoelroto: u having sex w red
(53:14 / Allies) eCe.: no man
(53:20 / Allies) eCe.: I just don't want to hurt him y'know
(53:23 / Allies) eCe.: he worked hard for this too
(53:29 / Allies) eCe.: and i saved a few of your knights
(53:31 / All) FranksRedHot: they always try to hide with you lawl
(53:34 / Allies) eCe.: so i was benefiting you not hurting him
(53:36 / Allies) eCe.: that's ok right
(53:40 / Allies) eCe.: you seem like a good player
(53:45 / Allies) eCe.: i thot u could take him urself
(55:55 / Allies) greenmamba1: ??
(55:58 / All) eCe.: Flameseeker
(56:03 / All) eCe.: I am the master of flame
(56:08 / All) eCe.: The blood mage controls the fire
(56:11 / Allies) chuchoelroto: ahahah
(56:18 / All) chuchoelroto: gota admit
(56:22 / All) eCe.: I think red worked harder for this
(56:23 / All) chuchoelroto: teal is freacking hi
(56:29 / All) eCe.: I just can't bear to let him loose
(56:30 / All) chuchoelroto: no
(56:33 / All) chuchoelroto: i think
(56:34 / All) eCe.: So I help you threee
(56:35 / All) chuchoelroto: u did
(56:37 / All) eCe.: But no these three
(57:09 / All) greenmamba1: ok u guys take ur time , take it slow.. i m going to afk to read one more chapter and will be back see how this ends
(57:16 / All) eCe.: What are you reading
(57:27 / All) greenmamba1: law book
(57:29 / All) chuchoelroto: im tired
(57:30 / All) eCe.: Which
(57:32 / All) eCe.: what's the title
(57:35 / All) chuchoelroto: gotta go
(57:37 / All) eCe.: are you a law student
(57:41 / All) greenmamba1: no
(57:43 / All) chuchoelroto: teal
(57:48 / All) chuchoelroto: made this worth it
(57:55 / Allies) greenmamba1: ok i m afk
(57:56 / All) eCe.: You were a comrade in killing orange
(57:57 / All) chuchoelroto: and red
(57:58 / All) greenmamba1: ok i m afk
(58:00 / All) eCe.: It is with a heavy heart I make us lose
(58:09 / All) chuchoelroto: dude
(58:12 / All) greenmamba1: it s now u and red 11
(58:13 / All) chuchoelroto: red raped him
(58:14 / Allies) greenmamba1: 1 1
(58:28 / All) chuchoelroto: go red go
(58:37 / All) chuchoelroto: even when teal is rich
(58:45 / All) chuchoelroto: i believe u can win this shit
(58:54 / All) eCe.: do you know what team I am on
(59:14 / All) chuchoelroto: damn
(59:17 / All) chuchoelroto: i killed red
(59:29 / All) FranksRedHot: bolt follows too far
(59:33 / All) eCe.: Yeah
(59:34 / All) chuchoelroto: ya man
(59:36 / All) eCe.: bolt has insane range
(59:39 / All) chuchoelroto: tricky
(60:19 / All) chuchoelroto: i wonder how long can games go?
(60:28 / All) chuchoelroto: does bnet unplugg u?
(60:31 / All) FranksRedHot: Teal is going to lay down on his shield
(60:36 / All) chuchoelroto: or u can be forever here?
(60:38 / All) FranksRedHot: For you and blue must lose
(60:57 / All) eCe.: I make my team loose
(61:02 / All) eCe.: Red gets the winning
(61:04 / All) eCe.: He work hard
(61:15 / All) chuchoelroto: we all know that teal
(61:23 / All) chuchoelroto: nbut no one answear me
(62:33 / All) chuchoelroto: where is green and yellow?
(62:45 / All) chuchoelroto: why they not folling around?
(63:07 / All) FranksRedHot: Yellow left because I would not give gold
(63:14 / All) chuchoelroto: and green?
(63:21 / All) FranksRedHot: He left because he is a bitch
(63:25 / All) chuchoelroto: i see
(64:13 / All) chuchoelroto: i got 4 peons
(64:17 / All) chuchoelroto: w no home to go rest
(64:29 / All) eCe.: Their jobs are done
(64:33 / All) eCe.: They will rest forever now
(64:36 / All) chuchoelroto: damn obama
(64:44 / All) chuchoelroto: made em lose jobs
(65:01 / All) chuchoelroto: for isengaaaaaaaaaaaaaaaard
(66:09 / All) chuchoelroto: noooooooooooooooooooooooooooo
(66:28 / All) chuchoelroto: hey teal
(66:32 / All) chuchoelroto: i guess we lose
(66:35 / All) eCe.: YEs
(66:39 / All) eCe.: I make us lose
(66:40 / All) chuchoelroto: cya guys
(66:41 / All) eCe.: We lose now
(66:42 / All) eCe.: Ok
(66:45 / All) eCe.: We lose?
(66:55 / All) chuchoelroto: yas
(67:00 / All) chuchoelroto: we lose
(67:44 / All) FranksRedHot: My raiders were only 1/3 in our battle
(67:50 / All) chuchoelroto: dude
(67:54 / All) chuchoelroto: ur team sucked
(68:00 / All) FranksRedHot: I know that
(68:13 / All) chuchoelroto: fucking orange was abitch
(68:32 / All) chuchoelroto: i went afk after he bs me
(69:06 / All) chuchoelroto: dieeeeeeeeeeeee
(69:17 / All) chuchoelroto: he is angry
(69:19 / All) chuchoelroto: has no jib
(69:22 / All) chuchoelroto: job
(69:31 / All) chuchoelroto: peon wars
(69:35 / All) chuchoelroto: come to papa